 Dungeon Crawl Stone Soup version 0.31-a0-845-g9abc20d24f (webtiles) character file.

Game seed: 8708165358136932823

10227 javelincjr the Destroyer (level 11, -5/70 HPs)
             Began as an Octopode Conjurer on Sept 29, 2023.
             Was a High Priest of Qazlal.
             Slain by a skyshark (20 damage)
             ... on level 2 of the Lair of Beasts on Oct 2, 2023.
             The game lasted 00:44:33 (12937 turns).

javelincjr the Destroyer (Octopode Conjurer)       Turns: 12937, Time: 00:44:34

Health: -5/70      AC:  1    Str:  7    XL:     11   Next: 58%
Magic:  1/23       EV: 15    Int: 25    God:    Qazlal [*****.]
Gold:   486        SH:  6    Dex: 10    Spells: 16/27 levels left

rFire   . . .        v - staff of conjuration
rCold   . . .        (no shield)
rNeg    + . .        (helmet restricted)
rPois   +            n - amulet of regeneration
rElec   .            r - ring of positive energy
rCorr   .            z - ring of poison resistance
SInv    .            (no ring)
Will    .....        (no ring)
Stlth   ++           (no ring)
HPRegen 1.11/turn    (no ring)
MPRegen 0.18/turn    (no ring)
                     (no ring)

%: repel missiles
@: no status effects
A: almost no armour, amphibious, 8 rings, camouflage 1, gelatinous body 1,
(nimble swimmer 1), tentacles
a: Renounce Religion, Upheaval, Elemental Force, Disaster Area


You were on level 2 of the Lair of Beasts.
You worshipped Qazlal.
Qazlal was extremely pleased with you.
You visited 2 branches of the dungeon, and saw 10 of its levels.
You also visited: Ossuary.

You collected 486 gold pieces.

Inventory:

Hand Weapons
 y - a +3 quarterstaff of chaos
Missiles
 i - 4 throwing nets
 j - 18 poisoned darts
 w - 6 curare-tipped darts
 H - 3 silver javelins
Magical Staves
 v - a staff of conjuration (weapon)
Jewellery
 n - an amulet of regeneration (around mantle)
 r - a ring of positive energy (left tentacle)
 z - a ring of poison resistance (right tentacle)
Wands
 h - a wand of charming (8)
 l - a wand of mindburst (18)
 x - a wand of polymorph (9)
Scrolls
 g - a scroll of summoning {unknown}
 k - 2 scrolls of vulnerability
 o - 4 scrolls of revelation
 p - a scroll of silence {unknown}
 t - 2 scrolls of fear {unknown}
 u - 2 scrolls of teleportation
 B - 2 scrolls of acquirement {unknown}
 D - a scroll of fog {unknown}
 E - a scroll of immolation {unknown}
 F - a scroll of torment {unknown}
 G - a scroll of identify
Potions
 a - a potion of magic
 b - 8 potions of lignification
 c - a potion of heal wounds
 d - a potion of ambrosia {unknown}
 e - 2 potions of resistance
 f - 4 potions of curing
 m - a potion of attraction {unknown}
 q - 3 potions of brilliance
 s - a potion of degeneration {unknown}
 A - a potion of enlightenment {unknown}
 C - 2 potions of haste


   Skills:
 + Level 4.6 Fighting
 + Level 7.4 Dodging
 - Level 7.8 Stealth
 * Level 8.7 Spellcasting
 * Level 10.1 Conjurations
 + Level 4.4 Translocations
 + Level 6.2 Invocations


You had 16 spell levels left.
You knew the following spells:

 Your Spells              Type           Power      Damage    Failure   Level
a - Magic Dart            Conj           100%       1d8       1%          1
b - Searing Ray           Conj           100%       2d8       1%          2
c - Iskenderun's Mystic   Conj/Tloc      63%        2d13      2%          4
d - Fulminant Prism       Conj/Hex       26%        3d13      7%          4

Your spell library contained the following spells:

 Spells                   Type           Power      Damage    Failure   Level
 Dazzling Flash           Conj/Hex       100%       N/A       2%          3
 Ozocubu's Armour         Ice            10%        N/A       17%         3
 Ozocubu's Refrigeration  Ice            5%         4d8       100%        7


Dungeon Overview and Level Annotations

Branches:
Dungeon (8/15)             Temple (0/1) D:5            Lair (2/5) D:8
Ossuary (visited)
  Swamp: Lair:2-3    Shoals: Lair:2-3     Snake: Lair:2-3    Spider: Lair:2-3

Altars:
Cheibriados
Gozag
Kikubaaqudgha
Makhleb
Nemelex Xobeh
Qazlal
Sif Muna
Trog
Xom
Zin

Shops:
D:8 *

Annotations:
Lair:1 3 runed translucent doors, GreenGuy14's ghost, journeyman MiFi


Innate Abilities, Weirdness & Mutations

You cannot wear most types of armour.
You are amphibious.
You can wear up to eight rings at the same time.
Your skin changes colour to match your surroundings (Stealth+).
Your rubbery body absorbs attacks. (AC +1, EV +1)
((You are camouflaged when in or above water. (Stealth+)))
You have tentacles for arms and can constrict up to eight enemies at once.


Message History

Confirm with . or Enter, or press ? or * to list all spells.
You feel a surge of power!
You erupt in a blast of force!
The mystic blast hits the skyshark!
The skyshark is moderately wounded.
The skyshark is knocked back by the mystic blast.
Your fulminant prism crackles loudly.
Your fulminant prism explodes!
The blast of energy engulfs the skyshark!
The skyshark is heavily wounded.
Casting: Iskenderun's Mystic Blast (dangerous; 2% risk of failure)
Confirm with . or Enter, or press ? or * to list all spells.
You feel a surge of power!
You erupt in a blast of force!
The mystic blast hits the skyshark!
The skyshark is severely wounded.
The skyshark is knocked back by the mystic blast.
You feel a surge of power!
The magic dart hits the skyshark.
The skyshark is severely wounded.
You feel a surge of power!
The magic dart hits the skyshark.
The skyshark is severely wounded.
Casting: Magic Dart (safe; 1% risk of failure)
Confirm with . or Enter, or press ? or * to list all spells.
You don't have enough magic to cast this spell.
You hit the skyshark.
The skyshark is severely wounded.
You block the skyshark's attack. The skyshark tail-slaps you!
The skyshark barely misses you. The skyshark bites you!
The skyshark tastes blood and grows stronger!
The skyshark closely misses you. The skyshark tail-slaps you!
You hit the skyshark but do no damage. You squeeze the skyshark.
The skyshark is almost dead.
The skyshark bites you!!
* * * LOW HITPOINT WARNING * * *
The skyshark enters a blood-rage!
The skyshark closely misses you. You block the skyshark's attack.
You hit the skyshark.
You blast the skyshark!
The skyshark is almost dead.
The skyshark closely misses you. x2; The skyshark tail-slaps you.
* * * LOW HITPOINT WARNING * * *
The skyshark bites you!!
You die...

+ .#. .... .#... #..#.
.###....♣ ♣♣###.....
..#...... ♣..○......
>.......♣ ♣°☼l°.....
........♣♣ ♣♣.@.○.....
.........♣♣♣♣♣.°........
..............°...<.....
..................#.....
........#..♣...♣........
#...##..+.♣.P..P♣......#
##..#.†....P♣.♣.........
.....'..P....>.........#
.....#.....P♣.♣...#....


You could see a skyshark (berserk).

Vanquished Creatures
  Erica (D:8)
  Amaemon (D:8)
  Pikel (D:5)
  2 black mambas
  2 cane toads (Lair:1)
  Maggie (D:6)
  An orange demon (D:8)
  2 komodo dragons
  A rime drake (Lair:1)
  2 blink frogs (D:8)
  Sigmund (D:4)
  A basilisk (Lair:1)
  12 yaks
  A wyvern (Lair:2)
  A steam dragon (D:8)
  An acid dragon (D:8)
  A swamp worm (Lair:2)
  2 water moccasins
  2 orc warriors
  2 sky beasts
  A black bear (D:5)
  2 ogres (D:5)
  4 wolves (Lair:1)
  A phantom (D:5)
  2 centaurs
  A lemure (D:5)
  A kobold brigand (D:8)
  An elf zombie (Ossuary)
  4 bullfrogs
  A scorpion (D:5)
  2 howler monkeys (D:7)
  2 jellies (D:6)
  A centaur zombie (Ossuary)
  5 orc priests
  Crazy Yiuf (D:5)
  3 hounds
  A sleepcap (D:5)
  2 iguanas
  7 orc wizards
  5 hell rats (Lair:1)
  3 mummies
  9 gnolls
  12 adders
  2 white imps
  2 ufetubi
  An adder zombie (Ossuary)
  A worm (D:2)
  5 dart slugs
  22 orcs
  13 endoplasms
  2 giant cockroaches
  8 goblins
  10 hobgoblins
  14 jackals
  4 quokkas
  6 ball pythons
  4 bats (D:1)
  4 frilled lizards
  A goblin zombie (Ossuary)
  6 hobgoblin zombies (Ossuary)
  6 jackal zombies (Ossuary)
  13 kobolds
  10 kobold zombies
  13 orc zombies (Ossuary)
  8 rats
264 creatures vanquished.

Vanquished Creatures (others)
  17 fulminant prisms
17 creatures vanquished.

Grand Total: 281 creatures vanquished

Notes
Turn   | Place    | Note
-------+----------+-------------------------------------------
     0 | D:1      | javelincjr the Octopode Conjurer began the quest for the
                  | Orb.
     0 | D:1      | Reached XP level 1. HP: 11/11 MP: 3/3
   127 | D:1      | Reached XP level 2. HP: 10/17 MP: 3/5
   500 | D:1      | Reached XP level 3. HP: 21/21 MP: 2/6
  1291 | D:1      | Reached XP level 4. HP: 27/27 MP: 3/7
  1812 | D:2      | Reached XP level 5. HP: 31/31 MP: 4/9
  2625 | D:3      | Noticed a floating eye
  2717 | D:3      | Noticed a golden eye
  2724 | D:3      | Found a faded altar of an unknown god.
  2726 | D:3      | Noticed a shining eye
  2727 | D:3      | Noticed a golden eye
  2732 | D:3      | Prayed at the altar of an unknown god.
  2732 | D:3      | Became a worshipper of Qazlal Stormbringer
  2732 | D:3      | Reached * piety under Qazlal
  3030 | D:3      | Found an ancient bone altar of Kikubaaqudgha.
  3137 | D:3      | You fall into a shaft and drop 1 floor!
  3181 | D:4      | Reached XP level 6. HP: 23/36 MP: 0/10
  3961 | D:4      | Reached skill level 5 in Stealth
  4009 | D:4      | Noticed Sigmund
  4019 | D:4      | Killed Sigmund
  4020 | D:4      | Reached skill level 5 in Conjurations
  4020 | D:4      | Reached XP level 7. HP: 36/41 MP: 2/12
  4023 | D:4      | Learned a level 2 spell: Searing Ray
  4821 | D:5      | Entered Level 5 of the Dungeon
  4854 | D:5      | Found a runed translucent door.
  4855 | D:5      | Noticed Crazy Yiuf
  4861 | D:5      | Killed Crazy Yiuf
  4926 | D:5      | Reached skill level 1 in Invocations
  5245 | D:5      | Reached ** piety under Qazlal
  5369 | D:5      | Found a sand-covered staircase.
  5380 | Ossuary  | Entered an ossuary
  5950 | Ossuary  | Reached skill level 6 in Conjurations
  5950 | Ossuary  | Reached XP level 8. HP: 46/46 MP: 1/14
  6064 | Ossuary  | Reached *** piety under Qazlal
  6222 | D:5      | Found a snail-covered altar of Cheibriados.
  6467 | D:5      | Noticed Pikel
  6539 | D:5      | Killed Pikel
  6540 | D:5      | Reached skill level 5 in Dodging
  6540 | D:5      | Reached skill level 5 in Spellcasting
  6540 | D:5      | Reached skill level 7 in Conjurations
  6540 | D:5      | Reached XP level 9. HP: 50/51 MP: 4/17
  6780 | D:5      | Found a staircase to the Ecumenical Temple.
  7072 | D:6      | Found a shimmering altar of Xom.
  7261 | D:6      | Noticed Maggie
  7390 | D:6      | Upgraded the game from 0.31-a0-844-gdc52ec4e09 to
                  | 0.31-a0-845-g9abc20d24f
  7476 | D:6      | Learned a level 4 spell: Iskenderun's Mystic Blast
  7481 | D:6      | Learned a level 4 spell: Fulminant Prism
  7639 | D:6      | Found an opulent altar of Gozag.
  7702 | D:6      | Killed Maggie
  7824 | D:6      | Found a stormy altar of Qazlal.
  7976 | D:6      | Found a sparkling altar of Nemelex Xobeh.
  8125 | D:7      | Reached skill level 1 in Fighting
  8125 | D:7      | Reached skill level 1 in Translocations
  8755 | D:7      | Found a burning altar of Makhleb.
  8827 | D:7      | Reached **** piety under Qazlal
  9038 | D:8      | Noticed Amaemon
  9038 | D:8      | Noticed an orange demon
  9292 | D:8      | Reached skill level 8 in Conjurations
  9381 | D:8      | Noticed Erica
  9392 | D:8      | Killed Erica
  9393 | D:8      | Reached XP level 10. HP: 61/61 MP: 0/20
  9945 | D:8      | Reached skill level 5 in Invocations
  9981 | D:8      | Killed Amaemon
 10151 | D:8      | Killed an orange demon
 10152 | D:8      | Reached skill level 9 in Conjurations
 10251 | D:8      | Found a bloodstained altar of Trog.
 10417 | D:8      | Found a shimmering blue altar of Sif Muna.
 10485 | D:8      | Found Zin's Purification Station.
 10485 | D:8      | Found a glowing silver altar of Zin.
 10666 | D:8      | Found a staircase to the Lair.
 10800 | Lair:1   | Entered Level 1 of the Lair of Beasts
 10818 | Lair:1   | Noticed a black mamba
 10940 | Lair:1   | Killed a black mamba
 10967 | Lair:1   | Reached XP level 11. HP: 68/68 MP: 2/22
 11092 | Lair:1   | Reached ***** piety under Qazlal
 12047 | Lair:1   | Noticed an ice dragon
 12054 | Lair:1   | Noticed GreenGuy14's ghost (journeyman MiFi)
 12080 | Lair:1   | Found a runed translucent gate.
 12080 | Lair:1   | Found a runed translucent gate.
 12080 | Lair:1   | Found a runed translucent gate.
 12669 | Lair:2   | Reached skill level 10 in Conjurations
 12928 | Lair:2   | Noticed a skyshark
 12937 | Lair:2   | Slain by a skyshark

Illustrated notes

Levels and vault maps discovered:
D:1:      ebering_trefoil_3fold, layout_basic, minmay_tetromino_s4
D:2:      layout_basic
D:3:      layout_loops_ring, kiku_gazebo_pond_becter, serial_aquarium,
          aquarium_bridge_straight [aquarium_subvault_bridge,
          aquarium_subvault_wall, aquarium_subvault_bridge,
          aquarium_subvault_wall], aquarium_window_1, aquarium_window_2,
          aquarium_window_1, aquarium_view_2a, aquarium_view_4, aquarium_pool_1,
          hellmonk_ecumenical_altar_watching_god
D:4:      layout_gridville, minmay_fractal_squares_gapless_5, uniq_sigmund
D:5:      layout_loops_cross, overflow_temple_1_default,
          minmay_temple_entry_proselytizer, nicolae_ossuary_entry_giza,
          uniq_crazy_yiuf_cottage, uniq_pikel
D:6:      layout_basic, nemelex_spade_bored_becter, kennysheep_mini,
          mainiacjoe_overflow_24_doors,
          mainiacjoe_overflow_concentric_impassable, minmay_misc_feat_square,
          uniq_maggie
D:7:      layout_loops_cross, makhleb_blood_cavern_becter
D:8:      layout_loops_ring, trog_hazing_becter, nicolae_sif_muna_condensation,
          zin_purify, lair_entry_dummy, uniq_erica, uniq_amaemon
Lair:1:   layout_gridlike, gammafunk_ghost_icy
Lair:2:   layout_regular_city, minmay_swamp_entry_worms, nicolae_lair_lil_pond,
          grunt_forest_stairs_basic

Skill      XL: |  1  2  3  4  5  6  7  8  9 10 11 |
---------------+----------------------------------+-----
Stealth        | 3 4 5 6 7 |  7.8
Dodging        | 3 4 5 6 7 |  7.4
Spellcasting   | 3 4 5 7 8 |  8.7
Conjurations   | 5 6 7 8 9 10 | 10.1
Invocations    | 1 3 4 5 6 |  6.2
Fighting       | 2 3 4 |  4.6
Translocations | 2 3 4 |  4.4

Action                     |  1- 3 |  4- 6 |  7- 9 | 10-12 || total
---------------------------+-------+-------+-------+-------++-------
  Melee: Unarmed           |    47 |    21 |       |       ||    68
         Constrict         |    12 |     4 |    17 |    14 ||    47
         Tentacles         |    10 |     5 |    29 |    23 ||    67
         Punch             |     1 |     1 |       |     2 ||     4
         Staff             |       |       |    51 |    14 ||    65
         Quarterstaff      |       |       |    25 |    56 ||    81
   Cast: Magic Dart        |    68 |   123 |   216 |    51 ||   458
         Searing Ray       |       |       |    31 |     9 ||    40
         Fulminant Prism   |       |       |     6 |    11 ||    17
         Iskenderun's Myst |       |       |     3 |    52 ||    55
  Evoke: Wand              |       |       |     1 |       ||     1
    Use: Scroll            |       |       |     8 |     1 ||     9
         Potion            |       |       |       |     3 ||     3
   Stab: Sleeping          |     1 |       |       |       ||     1
         Confused          |       |       |       |     1 ||     1
 Armour: Skin              |    24 |    12 |    80 |    81 ||   197
  Dodge: Dodged            |    39 |    21 |    89 |    91 ||   240
         Repelled          |       |       |       |     1 ||     1
  Block: Other             |       |     2 |    23 |    35 ||    60

Table legend: (Time is in decaauts)
 A = Elapsed time spent in this place.
 B = Non-inter-level travel time spent in this place.
 C = Inter-level travel time spent in this place.
 D = Time resting spent in this place.
 E = Time spent auto-exploring this place.
 F = Levels seen in this place.
 G = Mean time per level.
                   A        B        C        D        E       F      G
               +--------+--------+--------+--------+--------+-----+--------+
         Total |  12982 |  12500 |    482 |   1301 |   9367 |  11 | 1180.2 |
       Dungeon |  10749 |  10331 |    418 |   1082 |   7845 |   8 | 1343.6 |
          Lair |   1423 |   1360 |     63 |    196 |    971 |   2 |  711.5 |
       Ossuary |    808 |    808 |      0 |     23 |    551 |   1 |  808.0 |
               +--------+--------+--------+--------+--------+-----+--------+

Top non-repeatable levels by time:
     D:8: 2186 daAuts
     D:5: 1596 daAuts
     D:1: 1476 daAuts
     D:7: 1255 daAuts
     D:3: 1159 daAuts
     D:4: 1124 daAuts
  Lair:1: 1117 daAuts
     D:2: 1060 daAuts
     D:6: 891 daAuts
 Ossuary: 808 daAuts
  Lair:2: 306 daAuts
